AoeStats
← __87_KeepeR_Arg

Nomad

507202101Analyzed
4v4 RM · 17d ago on Sep 17, 2026· 27m 22s· 8 players
Game mode
Random Map
Map size
231×231
Population
200
Speed
Normal
Resources
Standard
Victory
Conquest
Starting age
Dark Age
Ending age
Imperial Age
RankedLock teamsTeams togetherTeam positionsShared explorationLock speedFull tech treeHidden civsTurbo modeCheats
Victory
Defeat
🇦🇷 Shu · Argentina
1554
+11
🇦🇷 Celts · Argentina
1498
+14
🇦🇷 Saracens · Argentina
1496
+14
🇦🇷 Spanish · Argentina
1464
+15
🇦🇷 Gurjaras · Argentina
1511
-16
🇨🇴 Tupi · Colombia
1462
-14
🇲🇽 Franks · Mexico
1409
-12
🇵🇪 Portuguese · Peru
1401
-12
FutureEwe5582
4:34 Loom
13:06 Feudal Age
18:03 Castle Age
16:16 Stone Mining
17:18 Double-Bit Axe
19:04 Bow Saw
18:59 Fletching
19:37 Bodkin Arrow
MZTK | KaLiuM
3:44 Loom
12:32 Feudal Age
13:36 Double-Bit Axe
14:42 Town Watch
20:46 Castle Age
19:55 Gold Mining
19:46 Horse Collar
20:00 Stone Mining
22:03 Wheelbarrow
22:47 Medium Warships
Ellocou
5:50 Loom
15:18 Feudal Age
19:50 Castle Age
18:39 Horse Collar
19:24 Gold Mining
KOF ChavaAzcona
4:44 Loom
14:19 Feudal Age
14:50 Double-Bit Axe
15:37 Gold Mining
19:49 Castle Age
19:55 Demolition Ship
20:27 Fletching
21:30 Bodkin Arrow
22:28 Medium Warships
__48_Willow_Arg
4:01 Loom
14:56 Feudal Age
18:46 Castle Age
18:24 Double-Bit Axe
20:37 Bow Saw
20:53 Town Watch
21:20 Forging
24:42 Horse Collar
_29_3ffect_Arg
4:53 Loom
13:21 Feudal Age
17:06 Castle Age
14:54 Fishing Lines
18:03 Medium Warships
19:06 Double-Bit Axe
20:21 Forging
20:43 Bow Saw
20:16 Horse Collar
21:43 Iron Casting
22:38 Gold Mining
24:10 Wheelbarrow
23:21 Town Watch
__90_Squall_Arg
4:24 Loom
14:42 Feudal Age
16:09 Town Watch
19:52 Castle Age
18:07 Double-Bit Axe
18:05 Horse Collar
21:18 Fletching
24:29 Bodkin Arrow
__87_KeepeR_Arg
4:37 Loom
13:35 Feudal Age
14:05 Double-Bit Axe
22:07 Castle Age
21:18 Gold Mining
21:09 Horse Collar
21:11 Fishing Lines
25:23 Forging
Connection lost

Rejoining the realm…

Still unreachable

The connection could not be restored.

Session expired

The server has moved on; the page needs a fresh start.